 Dungeon Crawl Stone Soup version 0.28-a0-1374-ga75cb3825e (webtiles) character file.

Game seed: 15857415665781211855

102 rogsnak the Gusty (level 4, -4/30 HPs)
             Began as a Demonspawn Air Elementalist on Jan 1, 2022.
             Slain by an orc warrior (22 damage)
             ... on level 6 of the Dungeon.
             The game lasted 00:06:01 (3286 turns).

rogsnak the Gusty (Demonspawn Air Elementalist)     Turns: 3286, Time: 00:06:02

Health: -4/30      AC:  4    Str:  8    XL:     4   Next: 49%
Magic:  1/8        EV: 12    Int: 18    God:
Gold:   105        SH:  0    Dex: 14    Spells: 8/9 levels left

rFire   . . .      SeeInvis .   m - +0 trident
rCold   . . .      Faith    .   (no shield)
rNeg    . . .      Spirit   .   a - +0 robe
rPois   .          Reflect  .   (no helmet)
rElec   .          Harm     .   (no cloak)
rCorr   .          Rampage  .   o - +0 pair of gloves
Will    .....                   g - +0 pair of boots
Stlth   ++........              (no amulet)
HPRegen 0.10/turn               i - +4 ring of slaying
MPRegen 0.11/turn               (no ring)

@: very slightly contaminated
A: demonic guardian 1
a: no special abilities


You were on level 6 of the Dungeon.
You visited 1 branch of the dungeon, and saw 4 of its levels.

You collected 105 gold pieces.

Inventory:

Hand Weapons
 b - a +0 dagger
 m - a +0 trident (weapon)
Missiles
 l - 10 boomerangs
Armour
 a - a +0 robe (worn)
 g - a +0 pair of boots (worn)
 o - a +0 pair of gloves (worn)
Jewellery
 i - a +4 ring of slaying (left hand)
Scrolls
 c - a scroll of fear {unknown}
 e - a scroll of teleportation {unknown}
 f - a scroll of summoning {unknown}
 h - 2 scrolls of enchant armour {unknown}
 j - 2 scrolls of identify {unknown}
Potions
 d - a potion of invisibility {unknown}
 k - 2 potions of haste {unknown}
 n - 2 potions of cancellation {unknown}
 p - a potion of attraction {unknown}
 q - a potion of might {unknown}
 r - a potion of curing {unknown}


   Skills:
 + Level 0.1 Fighting
 + Level 2.0 Dodging
 - Level 1.7 Stealth
 + Level 3.0 Spellcasting
 * Level 2.5 Conjurations
 + Level 3.3 Air Magic


You had 8 spell levels left.
You knew the following spells:

 Your Spells              Type           Power      Damage    Failure   Level
a - Shock                 Conj/Air       52%        1d6       4%          1

Your spell library contained the following spells:

 Spells                   Type           Power      Damage    Failure   Level
 Static Discharge         Conj/Air       13%        N/A       8%          2
 Swiftness                Air            14%        N/A       12%         3
 Passwall                 Tmut/Erth      1%         N/A       24%         2
 Airstrike                Air            7%         N/A       38%         4


Dungeon Overview and Level Annotations

Branches:
Dungeon (3/15)

Altars:


Innate Abilities, Weirdness & Mutations

A weak demonic guardian rushes to your aid.


Message History

Casting: Shock (safe; 4% risk of failure)
Confirm with . or Enter, or press ? or * to list all spells.
Aiming: Shock (safe; 4% risk of failure)
Press: ? - help, Shift-Dir - straight line, f/p - orc warrior
Aim: an orc warrior, wielding a +0 battleaxe, wearing a +0 plate armour and quivering boomerangs (severely wounded, 68% to hit)
The zap hits the orc warrior but does no damage.
The orc warrior is severely wounded.
The water moccasin skeleton bites your white imp but does no damage.
Your white imp barely misses the water moccasin skeleton.
Casting: Shock (safe; 4% risk of failure)
Confirm with . or Enter, or press ? or * to list all spells.
Aiming: Shock (safe; 4% risk of failure)
Press: ? - help, Shift-Dir - straight line, f/p - orc warrior
Aim: an orc warrior, wielding a +0 battleaxe, wearing a +0 plate armour and quivering boomerangs (severely wounded, 68% to hit)
The zap hits the orc warrior.
The orc warrior is severely wounded.
The water moccasin skeleton bites your white imp but does no damage.
Your white imp gestures at the water moccasin skeleton.
The puff of frost hits the water moccasin skeleton.
The water moccasin skeleton resists.
Casting: Shock (safe; 4% risk of failure)
Confirm with . or Enter, or press ? or * to list all spells.
Aiming: Shock (safe; 4% risk of failure)
Press: ? - help, Shift-Dir - straight line, f/p - orc warrior
Aim: an orc warrior, wielding a +0 battleaxe, wearing a +0 plate armour and quivering boomerangs (severely wounded, 68% to hit)
You miscast Shock.
You are very lightly contaminated with residual magic.
Nothing appears to happen.
Your white imp barely misses the water moccasin skeleton.
Casting: Shock (safe; 4% risk of failure)
Confirm with . or Enter, or press ? or * to list all spells.
Aiming: Shock (safe; 4% risk of failure)
Press: ? - help, Shift-Dir - straight line, f/p - orc warrior
Aim: an orc warrior, wielding a +0 battleaxe, wearing a +0 plate armour and quivering boomerangs (severely wounded, 68% to hit)
The zap misses the orc warrior.
The zap hits the water moccasin skeleton.
The water moccasin skeleton is moderately damaged.
The orc warrior hits you with a +0 battleaxe!!
Ouch! That really hurt!
You die...

. #.................#
.. #..........#####..#
... #............ .##
..####oZ........### #
...#o.........#
#$#.#.######## .
#.....#
....#..###############
......>.....).Zo@.....#
..########..5########.#
#...# #...# #...# #...#
#...## #...# #$..#


You could see an orc warrior, a water moccasin skeleton (ally target) and a
friendly white imp (summoned).

Vanquished Creatures
  An adder (D:2)
  A dart slug (D:1)
  5 orcs (D:3)
  4 ball pythons
  9 endoplasms
  7 giant cockroaches
  7 goblins
  8 hobgoblins
  3 jackals (D:1)
  4 kobolds
  4 quokkas
  6 bats
  4 frilled lizards
  8 rats
71 creatures vanquished.

Vanquished Creatures (collateral kills)
  2 orcs (D:6)
2 creatures vanquished.

Vanquished Creatures (others)
  4 toadstools (D:1)
4 creatures vanquished.

Grand Total: 77 creatures vanquished

Notes
Turn   | Place    | Note
-------+----------+-------------------------------------------
     0 | D:1      | rogsnak the Demonspawn Air Elementalist began the quest for
                  | the Orb.
     0 | D:1      | Reached XP level 1. HP: 13/13 MP: 3/3
   297 | D:1      | Gained mutation: A weak demonic guardian rushes to your
                  | aid. [demonic ancestry]
   297 | D:1      | Reached XP level 2. HP: 15/19 MP: 0/5
   844 | D:1      | Found a faded altar of an unknown god.
  1064 | D:1      | Reached XP level 3. HP: 24/24 MP: 4/6
  2273 | D:2      | Reached XP level 4. HP: 30/30 MP: 4/8
  3248 | D:3      | You fall into a shaft and drop 3 floors!
  3248 | D:6      | Noticed an orc warrior
  3286 | D:6      | Slain by an orc warrior

Illustrated notes

Levels and vault maps discovered:
D:1:      ldierk_walled_garden_2, layout_loops_ring, basic_ecumenical_altar,
          corner_web_ring, amcnicky_mini_corridor_feature, minmay_cupped
D:2:      layout_basic, minmay_pentomino_u4
D:3:      layout_basic, mainiacjoe_overflow_brackets, minmay_misc_feat_encased
D:6:      layout_basic, minmay_temple_entry_junction, serial_co_window_serial,
          co_window_paths_a, co_window_corner_a, co_window_paths_a,
          co_window_corner_a, co_window_corner_a, co_window_unsneaky_path_c,
          co_window_unsneaky_path_c, co_window_broadway_c, co_window_2corner,
          co_window_corner_ca, glass_columns_a, glass_columns_a,
          glass_columns_b, uniq_menkaure

Skill      XL: |  1  2  3  4 |
---------------+-------------+-----
Air Magic      | 3 |  3.3
Dodging        | 2 |  2.0
Conjurations   | 2 |  2.5
Spellcasting   | 3 |  3.0
Fighting       | |  0.1
Stealth        | |  1.7

Action                   |  1- 3 |  4- 6 || total
-------------------------+-------+-------++-------
Melee: Dagger            |    40 |       ||    40
       Unarmed           |     9 |       ||     9
       Trident           |       |     6 ||     6
 Cast: Shock             |    86 |    50 ||   136
Armor: Robe              |    11 |       ||    11
Dodge: Dodged            |    41 |     7 ||    48

Table legend: (Time is in decaauts)
 A = Elapsed time spent in this place.
 B = Non-inter-level travel time spent in this place.
 C = Inter-level travel time spent in this place.
 D = Time resting spent in this place.
 E = Time spent auto-exploring this place.
 F = Levels seen in this place.
 G = Mean time per level.
                   A        B        C        D        E       F      G
               +--------+--------+--------+--------+--------+-----+--------+
         Total |   3290 |   3277 |     13 |    860 |   1894 |   4 |  822.5 |
       Dungeon |   3290 |   3277 |     13 |    860 |   1894 |   4 |  822.5 |
               +--------+--------+--------+--------+--------+-----+--------+

Top non-repeatable levels by time:
     D:1: 1690 daAuts
     D:2: 931 daAuts
     D:3: 630 daAuts
     D:6: 37 daAuts
